 Dungeon Crawl Stone Soup version 0.29.0-4-gdea44cf6ec (webtiles) character file.

Game seed: 18291208937752555559

91 qw the Chopper (level 4, 0/26 HPs)
             Began as a Tengu Warper on Aug 28, 2022.
             Slain by Grinder (9 damage)
             ... while paralysed by Grinder
             ... on level 3 of the Dungeon.
             The game lasted 00:00:13 (1764 turns).

qw the Chopper (Tengu Warper)                       Turns: 1764, Time: 00:00:13

Health: 0/26       AC:  6    Str: 13    XL:     4   Next: 57%
Magic:  8/8        EV:  2    Int: 14    God:
Gold:   46         SH:  0    Dex: 19    Spells: 7/7 levels left

rFire   . . .      SeeInvis .   Y - +0 hand axe
rCold   . . .      Faith    .   (no shield)
rNeg    + . .      Spirit   .   p - +0 scale mail
rPois   .          Reflect  .   (helmet restricted)
rElec   .          Harm     .   (no cloak)
rCorr   +          Rampage  .   (no gloves)
Will    +....                   (boots unavailable)
Stlth   ..........              (no amulet)
HPRegen 0.08/turn               d - +6 ring of dexterity
MPRegen 0.11/turn               a - ring of Odduj {rN+ Will+ rCorr}

@: paralysed
A: beak, talons 3
a: no special abilities


You were on level 3 of the Dungeon.
You visited 1 branch of the dungeon, and saw 3 of its levels.

You collected 46 gold pieces.


Innate Abilities, Weirdness & Mutations

You have a beak for a mouth.
You have claws for feet.


   Skills:
 - Level 2.0 Fighting
 + Level 5.1 Axes
 - Level 1.0 Throwing
 - Level 1.1 Armour
 - Level 2.1 Dodging
 - Level 2.0 Spellcasting
 - Level 2.4 Translocations


You had 7 spell levels left.
You didn't know any spells.
Your spell library contained the following spells:

 Spells                   Type           Power      Damage    Failure   Level
 Blink                    Tloc           16%        N/A       54%         2
 Gell's Gravitas          Tloc           8%         N/A       78%         3
 Lesser Beckoning         Tloc           8%         N/A       78%         3
 Teleport Other           Tloc           8%         N/A       78%         3
 Manifold Assault         Tloc           8%         N/A       100%        5

Inventory:

Hand Weapons
 f - a +0 club
 Y - a +0 hand axe (weapon)
Armour
 p - a +0 scale mail (worn)
Jewellery
 a - the ring of Odduj (right hand) {rN+ Will+ rCorr}
   (You acquired it on level 2 of the Dungeon)

   [ring of resist corrosion]

   rN:        It protects you from negative energy.
   rCorr:     It protects you from acid and corrosion.
   Will:      It increases your willpower.
 d - a +6 ring of dexterity (left hand)
Potions
 e - a potion of lignification {unknown}
 l - 2 potions of curing
 n - a potion of heal wounds
 o - a potion of mutation {unknown}

Dungeon Overview and Level Annotations

Branches:
Dungeon (3/15)

Altars:

Annotations:
D:3 Grinder


Message History

You miss the bat. The bat completely misses you. Grinder hits you.
You writhe in agony.
You closely miss Grinder. Your kick misses Grinder. You punch Grinder.
Grinder is lightly wounded.
The bat misses you. Grinder gestures at you.
You easily resist.
You barely miss Grinder.
Grinder is lightly wounded.
You hit the bat. The bat closely misses you. Grinder barely misses you.
You miss the bat. You peck the bat.
The bat is severely wounded.
You hit Grinder. The bat hits you but does no damage.
The bat barely misses you. Grinder hits you but does no damage.
You hit the bat.
You kill the bat!
You hit Grinder. Grinder closely misses you.
You hit Grinder. Your kick misses Grinder. Your peck misses Grinder.
Grinder is moderately wounded.
You hit the dart slug. Grinder gestures at you. You resist with some effort.
The dart slug launches a dart at you. The slug dart hits you.
You hit the dart slug but do no damage. You claw the dart slug.
You kill the dart slug!
You closely miss Grinder. Grinder hits you.
You writhe in agony.
You closely miss Grinder.
Grinder is moderately wounded.
Grinder hits you but does no damage. x2
You closely miss Grinder. You claw Grinder, but do no damage.
Grinder is moderately wounded.
Grinder gestures at you.
You suddenly lose the ability to move!
Grinder hits you!
You die...

+.....'..<..+
+......#...
#.....#.....#
#....###...
##...###...###
###..# #...
##.## ##.##.##
#..## #... ###
#'#...## #.#
####
+.....+)....+
#.
##...###...##
#+ ##.# ##.##
#+ #@#
#5.......
.........
#.........
#...##.>>.
#...# ####
#.... #....


You could see Grinder.

Vanquished Creatures
  Terence (D:2)
  2 adders
  A dart slug (D:3)
  A ball python (D:2)
  6 endoplasms
  A giant cockroach (D:1)
  6 goblins
  2 hobgoblins
  5 kobolds
  3 quokkas
  8 bats
  3 frilled lizards (D:1)
  4 rats
43 creatures vanquished.

Notes
Turn   | Place    | Note
-------+----------+-------------------------------------------
     0 | D:1      | qw the Tengu Warper began the quest for the Orb.
     0 | D:1      | Reached XP level 1. HP: 12/12 MP: 4/4
     0 | D:1      | 0 ||| qw: Version: 0.1-a-89-g26bdef1
     0 | D:1      | 0 ||| qw: Game counter: 369
     0 | D:1      | 0 ||| qw: Always use a shield: true
     0 | D:1      | 0 ||| qw: God list: Okawaru
     0 | D:1      | 0 ||| qw: Allow faded altars: false
     0 | D:1      | 0 ||| qw: Do Orc after D:15 true
     0 | D:1      | 0 ||| qw: Do second Lair branch before Depths: true
     0 | D:1      | 0 ||| qw: Lair rune preference: random
     0 | D:1      | 0 ||| qw: Plans: Normal
     0 | D:1      | 0 ||| PLANNING D:1-11
     3 | D:1      | Noticed an electric eel
     4 | D:1      | Noticed an electric eel
   107 | D:1      | Found a faded altar of an unknown god.
   164 | D:1      | Reached XP level 2. HP: 17/17 MP: 6/6
   177 | D:1      | 177 ||| Stepping ~*~*~tactically~*~*~ (stealth).
   186 | D:1      | Reached skill level 3 in Axes
   190 | D:1      | 190 ||| Stepping ~*~*~tactically~*~*~ (stealth).
   255 | D:1      | 255 ||| Stepping ~*~*~tactically~*~*~ (stealth).
   261 | D:1      | 261 ||| Stepping ~*~*~tactically~*~*~ (stealth).
   692 | D:1      | 692 ||| UPGRADING to +0 ring mail.
   702 | D:1      | 702 ||| DROPPING +0 leather armour.
   703 | D:1      | 703 ||| UPGRADING to +0 scale mail.
   713 | D:1      | 713 ||| DROPPING +0 ring mail.
   714 | D:1      | 714 ||| UPGRADING to +6 ring of dexterity.
   715 | D:1      | 715 ||| DROPPING ring of magical power.
   716 | D:1      | 716 ||| READING scroll labelled BIRUOPRUGOMM.
   717 | D:1      | 717 ||| READING scroll labelled DITWICL VESOD.
   718 | D:1      | 718 ||| READING scroll labelled UTINEOWK QEMO.
   719 | D:1      | 719 ||| READING scroll labelled XIQONU PUSUMAA.
   720 | D:1      | 720 ||| DRINKING 2 bubbling emerald potions.
   721 | D:1      | 721 ||| DROPPING scroll of blinking.
   722 | D:1      | 722 ||| Stepping randomly (stuck).
   723 | D:1      | 723 ||| Stepping randomly (stuck).
   724 | D:1      | 724 ||| Stepping randomly (stuck).
   770 | D:2      | 770 ||| STAIRDANCE
   811 | D:2      | 811 ||| STAIRDANCE
   814 | D:1      | Reached XP level 3. HP: 18/21 MP: 7/7
   874 | D:2      | Noticed Terence
   876 | D:2      | 876 ||| Stepping ~*~*~tactically~*~*~ (stealth).
   892 | D:2      | Killed Terence
   893 | D:2      | Reached skill level 4 in Axes
  1036 | D:2      | Reached XP level 4. HP: 26/26 MP: 8/8
  1143 | D:2      | 1143 ||| Stepping ~*~*~tactically~*~*~ (stealth).
  1504 | D:2      | 1504 ||| DROPPING ring of flight.
  1505 | D:2      | 1505 ||| READING scroll labelled KAFFAF LACH.
  1506 | D:2      | 1506 ||| READING scroll labelled KEUBBE JAAX.
  1506 | D:2      | Identified a scroll of acquirement
  1506 | D:2      | 1506 ||| ACQUIRING ring of Odduj {rN+ Will+ rCorr}
  1506 | D:2      | Acquired the ring of Odduj {rN+ Will+ rCorr}
  1508 | D:2      | 1508 ||| UPGRADING to ring of Odduj {rN+ Will+ rCorr}.
  1509 | D:2      | 1509 ||| DRINKING 2 brown potions.
  1554 | D:3      | Reached skill level 5 in Axes
  1554 | D:3      | 1554 ||| STAIRDANCE
  1749 | D:3      | Noticed Grinder
  1763 | D:3      | Paralysed by Grinder for 2 turns
  1764 | D:3      | Slain by Grinder

Levels and vault maps discovered:
D:1:      arrival_aquarium_b, layout_rooms, dreamdust_ecumenical_altar_grove,
          minmay_misc_feat_iff
D:2:      layout_rooms, serial_forest, infiniplex_forest_lined_corner,
          infiniplex_forest_straight_3, infiniplex_forest_straight_3,
          infiniplex_forest_lined_corner, infiniplex_forest_clump_double,
          infiniplex_forest_pool, infiniplex_forest_straight_4, uniq_terence
D:3:      layout_basic, nicolae_hexahallways, minmay_rat_hole, uniq_jessica,
          uniq_grinder

Skill      XL: |  1  2  3  4 |
---------------+-------------+-----
Axes           | 3 4 5 |  5.1
Fighting       | |  2.0
Throwing       | |  1.0
Armour         | |  1.1
Dodging        | |  2.1
Spellcasting   | |  2.0
Translocations | |  2.4

Action                   |  1- 3 |  4- 6 || total
-------------------------+-------+-------++-------
Melee: Hand axe          |    71 |    42 ||   113
       Kick              |    16 |    11 ||    27
       Peck              |     9 |     6 ||    15
       Punch             |     1 |     1 ||     2
Throw: Boomerang         |     7 |       ||     7
  Use: Scroll            |     4 |     2 ||     6
       Potion            |     1 |     1 ||     2
Armor: Leather armour    |    14 |       ||    14
       Scale mail        |    16 |    10 ||    26
Dodge: Dodged            |    41 |    20 ||    61

Table legend:
 A = Non-vault XP
 B = Vault XP
 C = Vault XP percentage of total XP
 D = Non-vault monster count
 E = Vault monster count
 F = Vault count percentage of total count
                 A         B        C        D         E       F
            +---------+---------+-------+---------+---------+-------
      Total |      94 |      36 |  27.7 |      42 |       1 |   2.3
            +---------+---------+-------+---------+---------+-------
        D:1 |      35 |       0 |   0.0 |      23 |       0 |   0.0
        D:2 |      36 |      36 |  50.0 |      14 |       1 |   6.7
        D:3 |      23 |       0 |   0.0 |       5 |       0 |   0.0
            +---------+---------+-------+---------+---------+-------
